Arrhythmia, neutral female human Tourist --... ---......- |......G@. |.<......- -.. ..- Arrhythmia the Excursionist Experience level: 7 Strength: 11 Dexterity: 15 Constitution: 17 Intelligence: 16 Wisdom: 9 Charisma: 15 Health: 0(64) Energy: 28(28) AC: 1 Gold: 19 Moves: 3548 Your Inventory: Coins $ - 19 gold pieces Amulets p - an uncursed lunate amulet [of magical breathing] (being worn) Weapons o - 39 uncursed [+0] darts q - an [uncursed +0] broad pick [of aggravation (dwarvish mattock)] (weapon in hands) v - a blessed [+2] mace [of searching] D - an uncursed [+0] runed dagger [elven] F - 8 [uncursed +0] darts [of frost] W - 15 uncursed +2 darts (in quiver) Armor c - a cursed -1 dwarvish mithril-coat (being worn) f - an [uncursed] +0 hard hat [dwarvish iron helm] l - an uncursed +0 Hawaiian shirt (being worn) y - an [uncursed] +0 hard hat [dwarvish iron helm] z - an [uncursed +0] hooded cloak [dwarvish] B - an [uncursed] +2 pair of jackboots [high] (being worn) C - an [uncursed] +0 hooded cloak [dwarvish] E - an [uncursed +0] pair of hard shoes [iron] Q - an [uncursed] +0 hooded cloak [dwarvish] Comestibles b - 5 uncursed food rations e - 2 uncursed tripe rations Tools k - 6 [uncursed wax] candles m - an uncursed expensive camera (0:98) n - an uncursed credit card r - an uncursed stethoscope s - an [uncursed] key [skeleton key] t - 3 [uncursed tallow] candles x - an uncursed towel Gems u - an [uncursed] yellowish brown gem [worthless glass] w - 2 [uncursed] violet gems [worthless glass] Spells known in the end: Name Level Category Fail Memory Your skills at the end: Fighting Skills Weapon Skills dart [Basic / Expert] Spellcasting Skills Final Attributes: You were piously aligned. Hunger level was 700. Your alignment was 27 / 27. Monster difficulty range was 1 - 8. Level difficulty was 9. You resisted poison. You aggravated monsters. You could survive without air. You were lucky (1). You are dead. Vanquished creatures: a small mimic a large cat a watchman a giant beetle an owlbear 4 chickatrices a blue jelly a rock piercer 2 shriekers 5 gnome lords a gnomish wizard a paper golem a wax golem 2 giant ants a floating eye a kitten 8 dwarves 4 orc zombies an iguana 2 hobbits 4 manes a giant rat 2 cave spiders a brown mold a green mold 36 gnomes 3 jackals 3 foxes 4 kobolds 2 goblins 8 grid bugs a bat 4 lichens 4 kobold zombies 4 newts 118 creatures vanquished. Voluntary challenges: You used a wielded weapon 118 times. You read items or engraved 386 times. You put on armor 12 times. You never genocided any monsters. You never polymorphed an object. You never changed form. You used no wishes. You wrote Elbereth's name 151 times. You never encountered a bones level. You never used any Sokoban shortcuts. Dungeon overview: The Dungeons of Doom: levels 1 to 4 Level 1 a fountain a long staircase Level 2 a fountain Level 3 an altar to The Lady, a fountain Level 4 a scroll shop stairs to The Gnomish Mines The Gnomish Mines: levels 5 to 9 Level 5 stairs to The Dungeons of Doom Level 8 some shops, some fountains, some trees Level 9 <- You were here History has recorded: On T:1 you entered the Dungeons of Doom to retrieve the Amulet of Yendor! On T:556 you reached level 2 of The Dungeons of Doom. On T:558 you reached level 3 of The Dungeons of Doom. On T:798 you advanced to experience level 2. On T:926 you advanced to experience level 3. On T:1308 you advanced to experience level 4. On T:1520 you reached level 4 of The Dungeons of Doom. On T:1735 you advanced to experience level 5. On T:2406 you advanced to experience level 6. On T:2465 you reached level 1 of The Gnomish Mines. On T:2622 you reached level 3 of The Gnomish Mines. On T:2626 you advanced to experience level 7. On T:2985 you advanced to experience level 8. On T:3266 you reached level 2 of The Gnomish Mines. On T:3359 you reached level 4 of The Gnomish Mines. On T:3540 you reached level 5 of The Gnomish Mines. Latest messages: The watch captain hits! [HP-28=40] The watch captain swings her long sword. The watch captain hits! The watch captain swings her long sword. The watch captain hits! [HP-17=23] [HP+1=24] The watch captain swings her long sword. The watch captain hits! The watch captain swings her long sword. The watch captain hits! [HP-23=1] [HP+1=2] Never mind. The gnome wields a thonged club! The gnome swings his thonged club. The thonged club drains your life! Aloha level 8. You die... Final status: Aloha Arrhythmia the Tourist... You died in The Gnomish Mines on dungeon level 9 with 900 points, and 19 pieces of gold, after 3548 moves. You were level 7 with a maximum of 64 hit points when you died.